 Dungeon Crawl Stone Soup version 0.27.1-34-g3ba077fa99 (webtiles) character file.

Game seed: 13244483063706685748

21060 pkoi the Black Belt (level 12, 0/91 HPs)
             Began as a Red Draconian Monk on Jan 4, 2022.
             Was a High Priest of the Shining One.
             Slain by a salamander (5 damage)
             ... in a volcano on Jan 5, 2022.
             The game lasted 00:27:17 (14025 turns).

pkoi the Black Belt (Red Draconian Monk)           Turns: 14025, Time: 00:27:18

Health: 0/91       AC: 10    Str: 18    XL:     12   Next: 50%
Magic:  0/30       EV: 13    Int: 15    God:    the Shining One [*****.]
Gold:   336        SH:  8    Dex: 14    Spells: 7/23 levels left

rFire    + . .     SeeInvis .     - Unarmed
rCold    + . .     Faith    .   (no shield)
rNeg     + + .     Spirit   +   (armour unavailable)
rPois    .         Reflect  .   (helmet restricted)
rElec    .         Harm     .   (no cloak)
rCorr    .         Rampage  .   (no gloves)
Will     +....                  w - +1 pair of boots of the Onion {rC+ Will+ Regen+ Str+4}
Stlth    +.........             i - brooch of Shielding {Spirit SH+8}
HPRegen  1.25/turn              t - ring of magical power
MPRegen  0.22/turn              g - ring of flight

@: flying, glowing
A: breathe fire, AC +8, unfitting armour, fire resistance 1, cold-blooded
a: Breathe Fire, Renounce Religion, Divine Shield, Cleansing Flame, Summon
Divine Warrior


You were in a volcano.
You worshipped the Shining One.
The Shining One was extremely pleased with you.
You visited 4 branches of the dungeon, and saw 16 of its levels.
You visited the Abyss 1 time.
You also visited: Sewer and Volcano.

You collected 1108 gold pieces.
You spent 772 gold pieces at shops.

Inventory:

Hand Weapons
 p - a +3 dagger of electrocution
Missiles
 c - 99 poisoned darts (quivered)
 f - 6 atropa-tipped darts
Armour
 w - the +1 pair of boots of the Onion (worn) {rC+ Will+ Regen+ Str+4}
   (You found it on level 11 of the Dungeon)

   Str:       It affects your strength (+4).
   rC:        It protects you from cold.
   Regen:     It increases your rate of health regeneration.
   Will:      It increases your willpower.
Jewellery
 g - a ring of flight (right hand)
 i - the brooch of Shielding (around neck) {Spirit SH+8}
   (You bought it in a shop on level 2 of the Dungeon)

   [amulet of guardian spirit]

   It causes incoming damage to be divided between your reserves of health and
   magic.
   SH:        It affects your SH (+8).
 t - a ring of magical power (left hand)
Wands
 a - a wand of acid (20)
 n - a wand of iceblast (17)
 q - a wand of digging (6)
 r - a wand of polymorph (7)
Scrolls
 b - 2 scrolls of amnesia
 d - 9 scrolls of identify
 e - a scroll of fog
 l - a scroll of blinking
 o - a scroll of enchant armour
Potions
 h - a potion of brilliance
 j - 2 potions of might
 k - 2 potions of magic
 m - 5 potions of flight
 s - a potion of cancellation
 u - 2 potions of resistance
 v - 2 potions of curing
 x - a potion of haste


   Skills:
 - Level 4.0 Fighting
 - Level 4.0 Dodging
 - Level 3.0 Stealth
 * Level 15.1 Unarmed Combat
 - Level 6.0 Spellcasting
 + Level 5.2 Conjurations
 - Level 2.9 Translocations
 + Level 2.8 Transmutations
 + Level 6.3 Fire Magic
 + Level 6.5 Air Magic
 - Level 4.0 Invocations


You had 7 spell levels left.
You knew the following spells:

 Your Spells              Type           Power      Damage    Failure   Level
a - Airstrike             Air            12%        N/A       10%         4
b - Sticky Flame          Conj/Fire      21%        2d4       14%         4
c - Apportation           Tloc           26%        N/A       4%          1
d - Storm Form            Tmut/Air       9%         N/A       100%        7

Your spell library contained the following spells:

 Spells                   Type           Power      Damage    Failure   Level
 Conjure Flame            Conj/Fire      21%        6-21      4%          3
 Wereblood                Tmut           13%        N/A       7%          2
 Ignite Poison            Fire/Tmut/Pois 13%        N/A       13%         3
 Animate Skeleton         Necr           8%         N/A       14%         1
 Corona                   Hex            4%         N/A       14%         1
 Summon Small Mammal      Summ           16%        N/A       14%         1
 Sublimation of Blood     Necr           2%         N/A       22%         2
 Iskenderun's Mystic Bla  Conj/Tloc      16%        2d5       26%         4
 Summon Lightning Spire   Summ/Air       14%        N/A       36%         4
 Fireball                 Conj/Fire      10%        3d6       36%         5
 Lightning Bolt           Conj/Air       11%        1d24      36%         5
 Call Canine Familiar     Summ           4%         N/A       41%         3
 Summon Guardian Golem    Hex/Summ       4%         N/A       41%         3
 Iskenderun's Battlesphe  Conj           20%        2d7       43%         5
 Fulminant Prism          Conj/Hex       6%         3d7       45%         4
 Hailstorm                Conj/Ice       12%        3d5       45%         4
 Ice Form                 Ice/Tmut       8%         N/A       63%         4
 Bolt of Magma            Conj/Fire/Erth 8%         4d6       63%         5
 Leda's Liquefaction      Hex/Erth       2%         N/A       82%         4
 Conjure Ball Lightning   Conj/Air       11%        3x3d6     90%         6
 Lee's Rapid Deconstruct  Erth           2%         3d5*      99%         5
 Simulacrum               Ice/Necr       2%         N/A       100%        6
 Statue Form              Tmut/Erth      5%         N/A       100%        6
 Orb of Destruction       Conj           10%        9d5       100%        7
 Summon Hydra             Summ           2%         N/A       100%        7
 Maxwell's Capacitive Co  Air            12%        ∞         100%        8


Dungeon Overview and Level Annotations

Branches:
Dungeon (11/15)            Temple (1/1) D:5            Lair (3/6) D:11
    Orc (1/2) D:10          Sewer (visited)         Volcano (1/1)
  Swamp: Lair:2-4    Shoals: Lair:2-4     Snake: Lair:2-4    Spider: Lair:2-4

Altars:
Ashenzari
Cheibriados
Dithmenos
Elyvilon
Fedhas
Gozag
Hepliaklqana
Kikubaaqudgha
Makhleb
Nemelex Xobeh
Okawaru
Qazlal
Ru
Sif Muna
Trog
Uskayaw
Vehumet
Wu Jian
Xom
Yredelemnul
Zin
The Shining One

Shops:
D:2 ?*[=   D:3 !   D:4 [   D:10 [

Annotations:
D:4 3 runed translucent doors, Flarelocke's ghost, amateur TrMo
D:7 2 transporters
Orc:1 Erolcha


Innate Abilities, Weirdness & Mutations

You can breathe blasts of fire.
Your fiery red scales are hard. (AC +8)
You cannot fit into any form of body armour.
Your flesh is heat resistant. (rF+)
You are cold-blooded and may be slowed by cold attacks.


Message History

You kill the wyvern!
The steam dragon bites the plant.
The steam dragon claws the plant.
You punch the komodo dragon!
You tail-slap the komodo dragon, but do no damage.
Your punch misses the komodo dragon.
The komodo dragon is moderately wounded.
You block the komodo dragon's attack.
The salamander hits you but does no damage.
The steam dragon bites the plant.
The steam dragon claws the plant.
You hit the komodo dragon but do no damage.
The komodo dragon is moderately wounded.
A nearby plant withers and dies.
The komodo dragon barely misses you.
Unknown command.
You punch the komodo dragon!
The komodo dragon is heavily wounded.
The salamander hits you from afar with a +0 halberd!!
You are engulfed in flames!
You resist.
* * * LOW HITPOINT WARNING * * *
The steam dragon breathes steam at you. The ball of steam hits you. You resist.
* * * LOW HITPOINT WARNING * * *
You hit the komodo dragon but do no damage.
The komodo dragon is heavily wounded.
The komodo dragon bites you!!
* * * LOW HITPOINT WARNING * * *
You block the salamander's attack.
Unknown command.
The plant is engulfed in a cloud of scalding steam.
The plant begins to die.
The komodo dragon is engulfed in a cloud of scalding steam.
You hit the komodo dragon.
The komodo dragon is severely wounded.
The plant is engulfed in a cloud of scalding steam.
The komodo dragon is engulfed in a cloud of scalding steam.
The komodo dragon bites you!!
* * * LOW HITPOINT WARNING * * *
The salamander hits you from afar with a +0 halberd!
* * * LOW HITPOINT WARNING * * *
You are engulfed in flames.
You resist.
You die...

#..∩..# ##..†..#
#.....## ♣P♣..♣#
♣..P♣♣ ♣♣..P♣ ♣P♣.♣♣
♣♣♣ ♣♣P..♣
♣♣♣♣♣§♣♣♣♣♣
♣♣P.♣♣♣♣♣PP..@lD..♣♣
♣P♣..♣.....§P♣N...♣♣
♣♣♣♣....P.♣♣♣♣♣♣♣..♣
♣♣♣♣P.♣♣ ♣...♣
♣♣♣♣≈§≈§.Nl♣..≈≈§≈
≈§≈≈........§≈§
§§≈≈.......P§§§§
≈≈≈....♣...P§§≈≈
§♣♣♣... .PP≈≈§≈§


You could see a salamander, a komodo dragon and a steam dragon (catching
breath).

Vanquished Creatures
  A rakshasa (Abyss:1)
  2 boulder beetles (D:11)
  4 hydras
  2 two-headed ogres (D:11)
  A starcursed mass (Abyss:1)
  4 centaur zombies
  A smoke demon (Abyss:1)
  4 cane toads
  An unseen horror (D:11)
  5 komodo dragons
  Psyche (D:11)
  2 polar bears
  2 trolls
  7 blink frogs (Lair:1)
  A wraith (D:11)
  2 shadows
  6 wyverns
  A vampire (D:9)
  A ynoxinul (Abyss:1)
  5 yaks
  3 basilisks
  A fire bat (Volcano)
  2 steam dragons
  4 water moccasins
  A sky beast (D:8)
  An ice beast (D:7)
  8 orc warriors
  A black bear (D:5)
  An ogre (Orc:1)
  5 centaurs
  3 kobold brigands
  10 bullfrogs
  A gnoll sergeant (D:9)
  3 scorpions
  2 water moccasin zombies
  A water moccasin skeleton (D:6)
  10 killer bees (D:8)
  9 wights
  A howler monkey (D:7)
  An electric eel (Lair:1)
  A quasit (Abyss:1)
  A hound (D:5)
  10 orc priests
  A jelly (D:5)
  2 iguanas
  5 orc wizards
  A killer bee zombie (D:5)
  A hound skeleton (D:5)
  A howler monkey skeleton (D:6)
  3 howler monkey zombies
  6 gnolls
  12 adders
  3 river rats (Sewer)
  A white imp (D:6)
  An ufetubus (D:7)
  2 adder skeletons
  3 worms
  3 dart slugs
  28 orcs
  7 bats
  14 endoplasms
  3 giant cockroaches
  6 goblins
  4 hobgoblins
  4 jackals
  4 quokkas
  5 ball pythons
  3 frilled lizards
  20 kobolds
  5 rats
  2 bushes (D:10)
283 creatures vanquished.

Vanquished Creatures (collateral kills)
  A hound (D:5)
1 creature vanquished.

Vanquished Creatures (others)
  A basilisk (D:11)
  6 fungi
  60 plants
67 creatures vanquished.

Grand Total: 351 creatures vanquished

Notes
Turn   | Place    | Note
-------+----------+-------------------------------------------
     0 | D:1      | pkoi the Draconian Monk began the quest for the Orb.
     0 | D:1      | Reached XP level 1. HP: 19/19 MP: 1/1
   182 | D:1      | Found a faded altar of an unknown god.
   184 | D:1      | Reached XP level 2. HP: 26/26 MP: 2/2
   783 | D:2      | Reached XP level 3. HP: 22/31 MP: 3/3
   893 | D:2      | Found Ypneloum's Jewellery Shop.
  1122 | D:2      | Found Wesuin's General Store.
  1141 | D:2      | Found Suer's Magic Scroll Boutique.
  1305 | D:2      | Found Coywiag's Antique Armour Shop.
  1808 | D:3      | Reached XP level 4. HP: 40/40 MP: 4/4
  1854 | D:3      | Found a glowing drain.
  1859 | Sewer    | Entered a sewer
  1884 | Sewer    | Reached skill level 4 in Unarmed Combat
  1948 | Sewer    | Noticed a kobold brigand
  1981 | Sewer    | Killed a kobold brigand
  1982 | Sewer    | Reached XP level 5. HP: 46/46 MP: 5/5
  2058 | Sewer    | Found a glowing silver altar of Zin.
  2314 | D:3      | Found Xeetekor's Distillery.
  2926 | D:4      | Reached skill level 5 in Unarmed Combat
  2926 | D:4      | Reached XP level 6. HP: 52/52 MP: 6/6
  3110 | D:4      | Found Hasagunn's Armour Shoppe.
  3386 | D:4      | Noticed a water moccasin
  3397 | D:4      | Killed a water moccasin
  3398 | D:4      | Reached skill level 6 in Unarmed Combat
  3503 | D:4      | Found a runed translucent gate.
  3503 | D:4      | Found a runed translucent gate.
  3504 | D:4      | Found a runed translucent gate.
  3506 | D:4      | Noticed Flarelocke's ghost (amateur TrMo)
  3622 | D:5      | Entered Level 5 of the Dungeon
  3637 | D:5      | Your scales start taking on a fiery red colour.
  3637 | D:5      | Reached XP level 7. HP: 48/59 MP: 7/7
  3637 | D:5      | Gained mutation: Your flesh is heat resistant. (rF+) [Red
                  | Draconian growth]
  3778 | D:5      | Reached skill level 7 in Unarmed Combat
  4317 | D:5      | Reached skill level 8 in Unarmed Combat
  4396 | D:5      | Found a staircase to the Ecumenical Temple.
  4414 | Temple   | Entered the Ecumenical Temple
  4791 | Temple   | Became a worshipper of the Shining One
  4791 | Temple   | Reached * piety under the Shining One
  4791 | Temple   | Reached ** piety under the Shining One
  5606 | D:7      | Reached skill level 9 in Unarmed Combat
  5606 | D:7      | Reached XP level 8. HP: 66/66 MP: 8/8
  5773 | D:7      | Reached skill level 10 in Unarmed Combat
  5790 | D:7      | Found a transporter.
  5901 | D:7      | Found a transporter.
  6264 | D:7      | Reached skill level 11 in Unarmed Combat
  6323 | D:8      | Reached XP level 9. HP: 71/71 MP: 9/9
  6329 | D:8      | Learned a level 4 spell: Airstrike
  6364 | D:8      | Reached *** piety under the Shining One
  6384 | D:8      | Reached skill level 1 in Air Magic
  6389 | D:8      | Reached skill level 1 in Spellcasting
  7079 | D:9      | Reached skill level 12 in Unarmed Combat
  7223 | D:9      | Learned a level 4 spell: Sticky Flame
  7387 | D:9      | Reached **** piety under the Shining One
  7391 | D:9      | Reached skill level 1 in Fire Magic
  7431 | D:9      | Reached skill level 1 in Conjurations
  7431 | D:9      | Reached XP level 10. HP: 63/78 MP: 15/15
  7445 | D:9      | Learned a level 1 spell: Apportation
  8083 | D:10     | Entered Level 10 of the Dungeon
  8092 | D:10     | Reached skill level 1 in Translocations
  8281 | D:10     | Found a blossoming altar of Fedhas.
  8486 | D:10     | Found a staircase to the Orcish Mines.
  8577 | D:10     | Found Diruafei's Armour Shoppe.
  9078 | Orc:1    | Entered Level 1 of the Orcish Mines
  9123 | Orc:1    | Noticed Erolcha
  9133 | Orc:1    | Cast into level 1 of the Abyss (Erolcha)
  9232 | Abyss:1  | Noticed a rakshasa
  9269 | Abyss:1  | Killed a rakshasa
  9348 | Abyss:1  | Noticed a smoke demon
  9365 | Abyss:1  | Killed a smoke demon
  9368 | Abyss:1  | Noticed a starcursed mass
  9386 | Abyss:1  | Killed a starcursed mass
  9387 | Abyss:1  | Reached skill level 13 in Unarmed Combat
  9387 | Abyss:1  | Reached skill level 5 in Air Magic
  9389 | Orc:1    | Escaped the Abyss
  9598 | D:2      | Bought the brooch of Shielding {Spirit SH+8} for 772 gold
                  | pieces
  9598 | D:2      | Found the brooch of Shielding {Spirit SH+8}
  9947 | D:11     | Identified the +1 pair of boots of the Onion {rC+ Will+
                  | Regen+ Str+4}
  9981 | D:11     | Noticed Psyche
  9984 | D:11     | Killed Psyche
  9985 | D:11     | Reached XP level 11. HP: 84/84 MP: 18/18
 10067 | D:11     | Reached ***** piety under the Shining One
 10106 | D:11     | Noticed a two-headed ogre
 10163 | D:11     | Killed a two-headed ogre
 10164 | D:11     | Reached skill level 5 in Spellcasting
 10164 | D:11     | Reached skill level 1 in Invocations
 10598 | D:11     | Noticed a boulder beetle
 10631 | D:11     | Killed a boulder beetle
 10830 | D:11     | Noticed a boulder beetle
 10832 | D:11     | Noticed a two-headed ogre
 10861 | D:11     | Killed a two-headed ogre
 10890 | D:11     | Killed a boulder beetle
 11223 | D:11     | Reached skill level 14 in Unarmed Combat
 11287 | D:11     | Found a staircase to the Lair.
 11335 | Lair:1   | Entered Level 1 of the Lair of Beasts
 11362 | Lair:1   | Noticed a six-headed hydra
 11370 | Lair:1   | Killed a six-headed hydra
 11521 | Lair:1   | Noticed a four-headed hydra
 11543 | Lair:1   | Killed a four-headed hydra
 11664 | Lair:1   | Identified the +1 robe of Domp {rN+ rCorr}
 11742 | Lair:1   | Reached skill level 5 in Fire Magic
 11895 | Lair:1   | Reached XP level 12. HP: 91/91 MP: 21/21
 11903 | Lair:1   | Learned a level 7 spell: Storm Form
 12572 | Lair:2   | Reached skill level 1 in Transmutations
 12641 | Lair:2   | Noticed a seven-headed hydra
 12838 | Lair:2   | Killed a seven-headed hydra
 13632 | Lair:3   | Reached skill level 5 in Conjurations
 13714 | Lair:3   | Noticed a six-headed hydra
 13720 | Lair:3   | Killed a six-headed hydra
 13721 | Lair:3   | Reached skill level 15 in Unarmed Combat
 13835 | Lair:3   | Found a dark tunnel.
 13910 | Volcano  | Entered a volcano
 14025 | Volcano  | Slain by a salamander

Illustrated notes

Levels and vault maps discovered:
D:1:      minmay_arrival_up_and_down, layout_loops_ring,
          shapermc_ecumenical_altar_totnotflames, minivault_26
D:2:      layout_basic, serial_shops, shop, shop, nicolae_diamond_shop,
          shop_scrolls, minivault_26
D:3:      layout_basic, portal_sewer_entry_e, serial_shops, shop
D:4:      minmay_opposing_rooms, layout_rooms, gammafunk_ghost_necromancy,
          serial_shops, nicolae_take_the_stairs
D:5:      layout_rooms, minmay_temple_entry_offerings
D:6:      layout_loops_cross
D:7:      gammafunk_cloud_chamber, layout_basic
D:8:      layout_cave_pools
D:9:      layout_rooms
D:10:     layout_basic, fedhas_bush_and_centaur_altar, orc_david_3
D:11:     layout_long_grid, erik_lair_dragon, uniq_psyche
Temple:   nicolae_temple_the_god_donut
Lair:1:   layout_gridlike, wad_woods_road_03, serial_bayou_pond_c
Lair:2:   layout_loops_ring
Lair:3:   nzn_winding_woodlands_cross [nzn_winding_woodlands_5x15_longhouse,
          nzn_winding_woodlands_5x15_lazy_stream,
          nzn_winding_woodlands_5x15_river_crossing,
          nzn_winding_woodlands_5x15_crooked,
          nzn_winding_woodlands_15x15_boxy_spiral], layout_hall_layers,
          nicolae_volcano_entry_hallway, minmay_hedge_maze,
          amcnicky_altar_lugonu_corruption
Orc:1:    layout_diamond_mine, basic_altar, uniq_erolcha
Volcano:  pf_volcano_lost_world

Skill      XL: |  1  2  3  4  5  6  7  8  9 10 11 12 |
---------------+-------------------------------------+-----
Dodging        | 3 4 |  4.0
Stealth        | 2 3 |  3.0
Unarmed Combat | 4 5 6 9 11 12 13 14 15 | 15.1
Fighting       | 4 |  4.0
Air Magic      | 3 5 6 |  6.5
Spellcasting   | 3 4 6 |  6.0
Fire Magic     | 1 4 5 6 |  6.3
Conjurations   | 1 3 4 5 |  5.2
Translocations | 2 |  2.9
Invocations    | 4 |  4.0
Transmutations | 2 |  2.8

Action                   |  1- 3 |  4- 6 |  7- 9 | 10-12 || total
-------------------------+-------+-------+-------+-------++-------
Melee: Unarmed           |   143 |   304 |   353 |   416 ||  1216
       Tailslap          |    21 |    38 |    33 |    63 ||   155
       Punch             |       |     8 |    11 |    26 ||    45
Throw: Dart              |       |       |     5 |    20 ||    25
 Cast: Apportation       |       |       |       |     1 ||     1
Invok: Divine Shield     |       |       |     1 |     1 ||     2
 Abil: Breathe Fire      |       |       |     6 |    24 ||    30
Evoke: Wand              |       |       |       |     3 ||     3
  Use: Potion            |       |     1 |    11 |     1 ||    13
       Scroll            |       |       |     8 |     7 ||    15
 Stab: Sleeping          |    10 |     2 |     3 |       ||    15
Armor: Skin              |    40 |    90 |   104 |   155 ||   389
Dodge: Dodged            |    82 |   181 |   238 |   248 ||   749
Block: Other             |       |       |     5 |    84 ||    89
